AoeStats
← tobinho_125

Nomad

504069514Analyzed
4v4 RM · 29d ago on Sep 3, 2026· 55m 47s· 8 players
Game mode
Random Map
Map size
231×231
Population
200
Speed
Normal
Resources
Standard
Victory
Conquest
Starting age
Dark Age
Ending age
Imperial Age
RankedLock teamsTeams togetherTeam positionsShared explorationLock speedFull tech treeHidden civsTurbo modeCheats
Victory
Defeat
🇩🇪 Jurchens · Germany
883
+13
🇨🇱 Wu · Chile
822
+16
🇬🇧 Persians · United Kingdom
794
+17
🇨🇱 Burmese · Chile
767
+19
🇭🇺 Persians · Hungary
850
-18
🇨🇳 Lithuanians · China
817
-16
🇰🇼 Turks · Kuwait
807
-16
🇰🇼 Khmer · Kuwait
795
-15
Yukkisan
9:48 Loom
17:46 Feudal Age
18:31 Town Watch
18:33 Double-Bit Axe
20:20 Fishing Lines
24:08 Castle Age
23:23 Bloodlines
26:19 Gillnets
26:46 Gold Mining
32:04 Town Patrol
32:17 Bow Saw
31:51 Horse Collar
34:09 Wheelbarrow
35:02 Heavy Plow
37:18 Stone Mining
42:26 Imperial Age
40:21 Hand Cart
41:26 Treadmill Crane
43:09 Murder Holes
44:55 Conscription
47:00 Elite Leitis
49:13 Masonry
49:15 Scale Barding Armor
50:56 Forging
51:13 Chain Barding Armor
53:14 Iron Casting
53:14 Plate Barding Armor
TheRamblingWorld
4:01 Loom
6:41 Loom
14:16 Feudal Age
14:50 Town Watch
17:17 Wheelbarrow
18:19 Double-Bit Axe
24:43 Castle Age
24:06 Scale Mail Armor
24:16 Forging
23:56 Horse Collar
24:33 Bloodlines
25:46 Chain Mail Armor
25:40 Pikeman
29:21 Stone Mining
30:27 Gold Mining
32:33 Fletching
33:27 Bodkin Arrow
33:54 Hand Cart
34:16 Bow Saw
36:40 Ballistics
40:04 Imperial Age
38:51 Kamandaran
38:56 Squires
38:43 Arson
39:41 Iron Casting
39:12 Scale Barding Armor
39:28 Heavy Plow
40:24 Husbandry
39:45 Light Cavalry
41:28 Murder Holes
43:12 Hoardings
42:59 Masonry
43:50 Chemistry
43:36 Conscription
44:10 Chain Barding Armor
44:28 Architecture
44:30 Crop Rotation
46:24 Plate Barding Armor
9abran
5:27 Loom
23:30 Feudal Age
24:31 Double-Bit Axe
24:35 Horse Collar
29:07 Castle Age
27:33 Forging
27:23 Scale Mail Armor
32:04 Bow Saw
31:58 Heavy Plow
37:10 Imperial Age
35:39 Chain Mail Armor
35:59 Iron Casting
36:05 Wheelbarrow
36:20 Padded Archer Armor
36:11 Fletching
38:38 Murder Holes
39:52 Two-Man Saw
43:06 Gold Mining
46:58 Leather Archer Armor
46:38 Bodkin Arrow
46:07 Heavy Scorpion
49:52 Bombard Tower
52:01 Bloodlines
al-3ogaireb
15:27 Feudal Age
15:56 Double-Bit Axe
15:56 Horse Collar
19:23 Castle Age
20:23 Heavy Plow
20:36 Bow Saw
24:32 Bloodlines
24:47 Bloodlines
23:58 Light Cavalry
25:37 Forging
29:21 Crossbowman
30:59 Iron Casting
30:55 Fletching
31:05 Padded Archer Armor
40:30 Imperial Age
43:42 Tusk Swords
44:16 Conscription
44:30 Double Crossbow
48:26 Chemistry
47:47 Ballistics
55:02 Scale Barding Armor
BOOSON 8
10:25 Loom
10:35 Loom
24:39 Feudal Age
30:24 Horse Collar
30:32 Double-Bit Axe
33:32 Castle Age
36:52 Heavy Plow
39:03 Caravan
40:44 Caravan
41:18 Coinage
41:03 Bow Saw
41:06 Gold Mining
41:07 Stone Mining
43:01 Wheelbarrow
45:02 Imperial Age
44:52 Gold Shaft Mining
44:52 Stone Shaft Mining
46:02 Elite War Elephant
48:27 Chemistry
50:01 Banking
49:42 Guilds
51:26 Crop Rotation
53:29 Forging
53:25 Scale Barding Armor
53:10 Fletching
53:20 Padded Archer Armor
53:21 Scale Mail Armor
ISCO
8:12 Loom
16:02 Feudal Age
16:49 Double-Bit Axe
16:48 Fishing Lines
16:53 Man-at-Arms
20:31 Wheelbarrow
23:37 Castle Age
21:39 Gold Mining
24:13 Gillnets
26:20 Bow Saw
27:29 Medium Warships
30:14 Hand Cart
31:14 Pikeman
32:01 Squires
35:14 Imperial Age
33:19 Ballistics
33:50 Gold Shaft Mining
34:06 Red Cliffs Tactics
34:24 Bloodlines
34:14 Husbandry
34:19 Fletching
34:29 Padded Archer Armor
35:00 Treadmill Crane
35:39 Arson
36:51 Heavy Warships
37:35 Leather Archer Armor
37:16 Bodkin Arrow
37:36 Elite Fire Archer
38:57 Sitting Tiger
39:19 Conscription
40:51 Two-Man Saw
39:44 Stone Mining
43:43 Halberdier
44:50 Town Watch
45:55 Town Patrol
46:41 Heavy Hei Guang Cavalry
48:51 Bracer
49:01 Forging
48:57 Scale Barding Armor
49:58 Chemistry
49:09 Masonry
54:04 Light Cavalry
56:53 Architecture
tobinho_125
4:20 Loom
17:23 Feudal Age
20:00 Scale Barding Armor
24:11 Castle Age
24:11 Town Watch
25:05 Wheelbarrow
25:56 Pikeman
26:40 Padded Archer Armor
26:41 Scale Mail Armor
26:51 Forging
30:28 Chain Mail Armor
30:48 Iron Casting
30:22 Double-Bit Axe
31:24 Squires
37:11 Murder Holes
37:36 Ballistics
38:31 Chain Barding Armor
38:53 Hand Cart
40:56 Gold Mining
44:13 Imperial Age
45:47 Conscription
44:48 Elite Iron Pagoda
44:51 Elite Fire Lancer
46:48 Bow Saw
49:59 Gold Shaft Mining
50:04 Halberdier
52:59 Plate Barding Armor
53:25 Blast Furnace
55:32 Siege Engineers
56:28 Chemistry
55:13 Arrowslits
55:39 Fortified Wall
55:10 Treadmill Crane
Kitoow
13:08 Loom
13:15 Loom
16:44 Feudal Age
23:53 Castle Age
22:03 Stone Mining
30:34 Fletching
30:57 Horse Collar
32:25 Wheelbarrow
35:43 Bodkin Arrow
38:37 Ballistics
39:24 Padded Archer Armor
39:32 Scale Barding Armor
45:13 Bloodlines
44:26 Light Cavalry
48:17 Imperial Age
46:04 Hand Cart
49:07 Forging
49:18 Chain Barding Armor
50:47 Elite Skirmisher
55:37 Chemistry
Connection lost

Rejoining the realm…

Still unreachable

The connection could not be restored.

Session expired

The server has moved on; the page needs a fresh start.